 Dungeon Crawl Stone Soup version 0.29.1-14-g9c671dbff4 (webtiles) character file.

Game seed: 12438739161242966645

107 sankara the Chopper (level 4, -2/41 HPs)
             Began as a Hill Orc Fighter on Feb 14, 2023.
             Slain by Sigmund
             ... wielding a +0 scythe
              (8 damage)
             ... on level 4 of the Dungeon.
             The game lasted 00:02:46 (2654 turns).

sankara the Chopper (Hill Orc Fighter)              Turns: 2654, Time: 00:02:47

Health: -2/41      AC:  9    Str: 18    XL:     4   Next: 85%
Magic:  4/4        EV:  9    Int: 10    God:
Gold:   195        SH:  4    Dex: 10    Spells: 3/3 levels left

rFire   + . .      SeeInvis .   a - +0 war axe
rCold   . . .      Faith    .   c - +0 buckler
rNeg    + . .      Spirit   .   b - +0 scale mail
rPois   .          Reflect  .   x - +0 helmet
rElec   .          Harm     .   (no cloak)
rCorr   .          Rampage  .   (no gloves)
Will    .....                   h - +0 pair of boots
Stlth   ..........              (no amulet)
HPRegen 0.13/turn               i - ring of positive energy
MPRegen 0.09/turn               m - ring of protection from fire

@: mighty
A: no striking features
a: no special abilities


You were on level 4 of the Dungeon.
You visited 1 branch of the dungeon, and saw 4 of its levels.

You collected 195 gold pieces.

Inventory:

Hand Weapons
 a - a +0 war axe (weapon)
Armour
 b - a +0 scale mail (worn)
 c - a +0 buckler (worn)
 h - a +0 pair of boots (worn)
 x - a +0 helmet (worn)
Jewellery
 i - a ring of positive energy (left hand)
 m - a ring of protection from fire (right hand)
Scrolls
 f - a scroll of identify {unknown}
 j - a scroll of magic mapping {unknown}
 r - a scroll of butterflies {unknown}
 s - a scroll of fear {unknown}
 t - 2 scrolls of immolation {unknown}
 u - a scroll of vulnerability {unknown}
 v - a scroll of blinking {unknown}
 w - 2 scrolls of enchant armour {unknown}
Potions
 e - 2 potions of flight {unknown}
 g - a potion of brilliance {unknown}
 k - 2 potions of invisibility {unknown}
 l - a potion of heal wounds {unknown}
 n - a potion of berserk rage {unknown}
 o - 3 potions of degeneration {unknown}
 p - a potion of curing {unknown}
 q - a potion of haste {unknown}


   Skills:
 + Level 4.3 Fighting
 * Level 4.5 Axes
 + Level 3.9 Armour
 + Level 3.9 Shields


You had 3 spell levels left.
You didn't know any spells.
Your spell library contained the following spells:

 Spells                   Type           Power      Damage    Failure   Level
 Confusing Touch          Hex            0%         N/A       99%         3
 Yara's Violent Unravell  Hex/Tmut       0%         3d3       100%        5
 Enfeeble                 Hex            0%         N/A       100%        7


Dungeon Overview and Level Annotations

Branches:
Dungeon (4/15)
 Temple: D:4-7

Altars:

Shops:
D:1 (

Annotations:
D:4 Sigmund


Message History

Found a stone staircase leading up.
You now have 195 gold pieces (gained 8).
Sigmund the Dreaded comes into view.
He is wielding a +0 scythe and wearing a +0 robe of willpower.
Sigmund shouts!
Found a runed leather armour.
Sigmund casts a spell.
Sigmund flickers and vanishes!
Deactivating autopickup; reactivate with Ctrl-A.
No target in view!
You slash something! Something hits you!
You miss something.
You hear some strange, mumbled words.
A puff of flame appears from out of thin air!
The puff of flame hits you. You resist.
You barely miss something.
You hear some strange, mumbled words.
A puff of flame appears from out of thin air!
The puff of flame hits you but does no damage.
You resist.
You hit something. Something hits you.
You miss something. Something hits you!
You barely miss something.
You hear some strange, mumbled words.
Something tries to affect you, but you resist.
You closely miss something. Something hits you.
You barely miss something. You block something's attack.
You miss something. You block something's attack.
You hit something but do no damage. Something hits you.
* * * LOW HITPOINT WARNING * * *
You slash something!
You hear some strange, mumbled words.
A puff of flame appears from out of thin air!
The puff of flame hits you but does no damage.
You resist.
You feel very mighty all of a sudden. Something hits you.
* * * LOW HITPOINT WARNING * * *
You closely miss something. You miss something. Something hits you!
You die...

########## ###
##.......<### ...
##...........##### #.##
#.....{@.........# #.#
[............###.####.#
###...................#
#...........##.###..#
#...............##..##
#+#######.#.##..##....
#.#.##..##....
#.#.........##
#.......###.#


There were no monsters in sight!

Vanquished Creatures
  Robin (D:3)
  3 adders (D:3)
  2 dart slugs
  7 bats
  7 endoplasms
  A giant cockroach (D:4)
  14 goblins
  9 hobgoblins
  5 ball pythons
  4 frilled lizards
  4 kobolds
  3 rats (D:1)
60 creatures vanquished.

Notes
Turn   | Place    | Note
-------+----------+-------------------------------------------
     0 | D:1      | sankara the Hill Orc Fighter began the quest for the Orb.
     0 | D:1      | Reached XP level 1. HP: 19/19 MP: 1/1
    86 | D:1      | Found a faded altar of an unknown god.
   122 | D:1      | Reached XP level 2. HP: 27/27 MP: 2/2
   328 | D:1      | Found Loeb's Weapon Shoppe.
  1026 | D:2      | Reached XP level 3. HP: 33/33 MP: 3/3
  1547 | D:3      | Reached XP level 4. HP: 36/40 MP: 4/4
  1825 | D:3      | Noticed Robin
  1871 | D:3      | Killed Robin
  2637 | D:4      | Noticed Sigmund
  2654 | D:4      | Slain by Sigmund

Illustrated notes

Levels and vault maps discovered:
D:1:      psy_arrival_conway, layout_basic, serial_shops,
          nicolae_shop_bloodbath_and_beyond, basic_ecumenical_altar,
          feat_on_display
D:2:      layout_rooms, hangedman_decor_clover_reticule
D:3:      layout_basic, nicolae_kite_square_tiling_tiny, uniq_robin
D:4:      layout_loops_corners, uniq_sigmund

Skill      XL: |  1  2  3 |
---------------+----------+-----
Axes           | 3 4 |  4.5
Fighting       | 4 |  4.3
Armour         | |  3.9
Shields        | |  3.9

Action                   |  1- 3 |  4- 6 || total
-------------------------+-------+-------++-------
Melee: War axe           |    94 |    87 ||   181
  Use: Potion            |       |     1 ||     1
Armor: Scale mail        |    75 |    37 ||   112
Dodge: Dodged            |    57 |    28 ||    85
Block: Buckler           |    22 |    18 ||    40
